 Dungeon Crawl Stone Soup version 0.30.0-19-g36f170ea60 (webtiles) character file.

Game seed: 7131291583309655516

16789 croobank the Blocker (level 12, -1/101 HPs)
             Began as a Hill Orc Reaver on May 30, 2023.
             Was a High Priest of Beogh.
             Killed from afar by an ogre mage (37 damage)
             ... with a bolt of magma
             ... on level 13 of the Dungeon.
             The game lasted 01:04:40 (16362 turns).

croobank the Blocker (Hill Orc Reaver)             Turns: 16362, Time: 01:04:41

Health: -1/101     AC: 12    Str: 16    XL:     12   Next: 41%
Magic:  17/19      EV: 17    Int: 15    God:    Beogh [*****.]
Gold:   408        SH: 16    Dex: 11    Spells: 12/20 levels left

rFire   . . .        v - +6 trident (venom)
rCold   + . .        P - +5 Storm Queen's Shield {shock, Fly rElec}
rNeg    . . .        q - +2 robe {Archmagi}
rPois   .            g - +2 helmet
rElec   +            F - +2 cloak
rCorr   .            j - +1 pair of gloves
SInv    .            (no boots)
Will    .....        s - amulet of magic regeneration
Stlth   +            A - ring of protection from cold
HPRegen 0.36/turn    o - +5 ring of evasion
MPRegen 0.56/turn

%: archmagi
@: flying
A: walk on water
a: Renounce Religion, Smiting, Recall Orcish Followers, Give Item to Named
Follower


You were on level 13 of the Dungeon.
You worshipped Beogh.
Beogh was extremely pleased with you.
You visited 1 branch of the dungeon, and saw 13 of its levels.
You also visited: Sewer.

You collected 764 gold pieces.
You spent 356 gold pieces at shops.

Inventory:

Hand Weapons
 u - a +0 long sword of freezing
 v - a +6 trident of venom (weapon)
 B - a +4 dagger of chaos
 C - a +0 dagger of speed
 D - a +2 vampiric hand axe
 G - a +4 spear
 O - the +5 mace of Wyulu {venom, rElec rPois rN+}
   (You found it on level 7 of the Dungeon)

   rElec:     It insulates you from electricity.
   rPois:     It protects you from poison.
   rN:        It protects you from negative energy.
 T - the +6 great sword of Waane {heavy, *Rage rN+ Int+2 Dex+4}
   (You bought it in a shop on level 10 of the Dungeon)

   Int:       It affects your intelligence (+2).
   Dex:       It affects your dexterity (+4).
   rN:        It protects you from negative energy.
   *Rage:     It berserks you when you make melee attacks (+20% chance).
 V - a +2 morningstar of holy wrath
Missiles
 b - 16 poisoned darts (quivered)
 c - 2 throwing nets
 w - 18 boomerangs
 R - a curare-tipped dart
 S - 4 javelins
Armour
 g - a +2 helmet (worn)
 j - a +1 pair of gloves (worn)
 q - a +2 robe of the Archmagi (worn)
 F - a +2 cloak (worn)
 H - a +2 robe
 P - the +5 Storm Queen's Shield (worn) {shock, Fly rElec}
   (You found it on level 7 of the Dungeon)

   Shock:     When it blocks an attack, it may electrocute the attacker.
   This works even against foes who are a short distance away.
   rElec:     It insulates you from electricity.
   Fly:       It grants you flight.
 Z - +0 acid dragon scales
Magical Staves
 d - the staff of conjuration "Gixixzoh" {rPois}
   (You found it in a sewer)

   [staff of conjuration]

   Base accuracy: +5 Base damage: 5 Base attack delay: 1.2 This weapon's minimum
   attack delay (0.6) is reached at skill level 12.
   rPois:     It protects you from poison.
   It falls into the 'Staves' category.
   It is a one-handed weapon.
 x - a staff of cold
Jewellery
 n - a ring of willpower
 o - a +5 ring of evasion (right hand)
 p - a +6 ring of strength
 s - an amulet of magic regeneration (around neck)
 A - a ring of protection from cold (left hand)
 E - an amulet of regeneration
 I - a ring of protection from cold
 Q - an amulet of guardian spirit
 W - a ring of protection from fire
Wands
 m - a wand of flame (18)
 t - a wand of light (8)
 y - a wand of roots (13)
 Y - a wand of paralysis (9)
Scrolls
 h - a scroll of immolation
 i - 2 scrolls of amnesia
 k - 2 scrolls of teleportation
 K - a scroll of silence
 L - a scroll of blinking
 U - 3 scrolls of fear
Potions
 a - a potion of magic
 e - 8 potions of curing
 f - 4 potions of lignification
 l - a potion of invisibility
 r - 4 potions of flight
 J - 2 potions of resistance
 M - a potion of mutation
 N - a potion of heal wounds
 X - a potion of attraction {unknown}
Miscellaneous
 z - a condenser vane


   Skills:
 - Level 7.7 Fighting
 - Level 7.2(7.9) Axes
 - Level 4.0(5.6) Polearms
 - Level 5.3 Dodging
 - Level 10.0 Shields
 - Level 4.8 Spellcasting
 - Level 5.8 Conjurations
 - Level 3.0 Necromancy
 - Level 2.9 Translocations
 - Level 4.2 Ice Magic
 + Level 5.7 Air Magic
 + Level 6.3 Poison Magic


You had 12 spell levels left.
You knew the following spells:

 Your Spells              Type           Power      Damage    Failure   Level
a - Kiss of Death         Conj/Necr      100%       2d13      6%          1
b - Momentum Strike       Conj/Tloc      50%        3d9       9%          2
c - Hailstorm             Conj/Ice       28%        3d8       13%         3
d - Poisonous Vapours     Pois/Air       64%        N/A       4%          2

Your spell library contained the following spells:

 Spells                   Type           Power      Damage    Failure   Level
 Freeze                   Ice            96%        1d10      6%          1
 Mephitic Cloud           Conj/Pois/Air  32%        N/A       9%          3
 Frozen Ramparts          Ice            48%        1d8       19%         3
 Call Canine Familiar     Summ           5%         N/A       71%         3
 Freezing Cloud           Conj/Ice/Air   14%        6-21      73%         5
 Petrify                  Tmut/Erth      5%         N/A       98%         4
 Iron Shot                Conj/Erth      9%         9d3       100%        6
 Monstrous Menagerie      Summ           2%         N/A       100%        7


Dungeon Overview and Level Annotations

Branches:
Dungeon (13/15)            Temple (0/1) D:5            Lair (0/5) D:11
    Orc (0/2) D:12         Vaults (0/5) D:13          Sewer (visited)

Altars:
Ashenzari
Cheibriados
Elyvilon
Fedhas
Gozag
Okawaru
Qazlal
Ru
Sif Muna
Trog
Uskayaw
Yredelemnul
Beogh

Shops:
D:10 (


Message History

Your shield discharges, shocking the two-headed ogre!
You feel much better. You block the slime creature's attack.
Something hits you.
Korbok hits the two-headed ogre but does no damage.
The two-headed ogre misses you.
The two-headed ogre hits you with a +0 giant club.
You puncture the two-headed ogre!
The two-headed ogre looks as sick as possible!
The two-headed ogre is almost dead.
You block the slime creature's attack.
Your shield discharges, shocking the slime creature!
You block the two-headed ogre's attack. x2
Korbok hits the two-headed ogre from afar with a +0 trident.
You hear some strange, mumbled words.
You suddenly lose the ability to move!
You kill the two-headed ogre!
Beogh accepts your kill.
Korbok hits the cyclops with a +0 trident!!
The slime creature hits you.
The cyclops closely misses Korbok.
Something hits you!
You can move again.
Aiming: Smiting
Press: ? - help, Dir - move target, f - skeletal warrior Smite: a skeletal warrior, wielding a +0 short sword You smite the skeletal warrior!
The skeletal warrior is lightly damaged.
You can no longer revive fallen orcs.
Korbok hits the cyclops with a +0 trident!
The slime creature closely misses you.
Reach: v) +6 trident (venom)
Press: ? - help, Dir - move target, f/p - skeletal warrior
Aim: a skeletal warrior, wielding a +0 short sword (lightly damaged, about 33% to evade your +6 trident of venom)
The slime creature is in the way.
You puncture the slime creature!
The slime creature is heavily wounded.
The cyclops hits Korbok!
Korbok hits the cyclops with a +0 trident!
You hear some strange, mumbled words.
A bolt of magma appears from out of thin air!
The bolt of magma hits you!!!
You die...

................####
...########.######..#...
#...# #.# ##.#... #...#
#.# #.#'## . #...# #.#
#...#. #. #...## #.#
###.#. #. #...###.##
#.#. #.. #...##..# #.'.
#... #@).##.# ####
#....##J{).#.### #.
#))zo......## #.
#....##C##...#..# #.
#... #.###...#.# #. #.(
.#. ##....# #. #. .. ..
##...## #. #. ... ...
##...## #. l ... ....
##...## #.


You could see a skeletal warrior, a slime creature, a cyclops (distracted, ally
target) and the friendly Korbok the orc knight.

Vanquished Creatures
  A centaur warrior (D:13)
  2 boulder beetles (D:11)
  2 two-headed ogres
  A wizard (D:13)
  A cyclops (D:11)
  A gargoyle (D:12)
  A yaktaur (D:13)
  Psyche (D:9)
  Maggie (D:9)
  A komodo dragon (D:13)
  An efreet (D:13)
  An unseen horror (D:10)
  3 trolls (D:13)
  Sigmund (D:2)
  2 wraiths
  A wyvern (D:8)
  6 yaks
  Grum (D:9)
  2 vampire mosquitoes (D:11)
  A water moccasin (D:7)
  An orc warrior (D:6)
  2 sky beasts (D:7)
  3 ice beasts
  4 wolves
  2 centaurs
  An ogre (D:7)
  A phantom (D:5)
  Blork the orc (D:4)
  2 kobold brigands
  5 bullfrogs
  2 gnoll sergeants
  3 scorpions
  6 wights
  10 killer bees
  5 howler monkeys
  4 electric eels (D:12)
  A bullfrog zombie (D:5)
  A centaur zombie (D:5)
  4 orc priests
  A hound (D:7)
  3 jellies
  2 gnoll boudas
  2 sleepcaps
  An iguana (D:5)
  14 orc wizards
  Robin (D:4)
  23 gnolls
  A river rat (D:5)
  14 adders
  3 white imps
  An ufetubus (D:4)
  2 worms
  The ghost of croobank the Covert, a weakling GnDe (D:5)
  5 dart slugs
  44 orcs
  15 endoplasms
  10 giant cockroaches
  18 goblins
  4 hobgoblins
  6 jackals
  11 kobolds
  9 quokkas
  16 ball pythons
  A bat (D:1)
  7 frilled lizards
  7 rats
311 creatures vanquished.

Vanquished Creatures (collateral kills)
  A hydra (D:13)
  A two-headed ogre (D:12)
  A tengu warrior (D:13)
  2 manticores
  A cyclops (D:13)
  An ugly thing (D:12)
  4 gargoyles
  An efreet (D:13)
  A rime drake (D:11)
  2 trolls
  2 vampires
  A yak (shapeshifter) (D:13)
  2 wraiths (D:9)
  A basilisk (D:13)
  2 yaks (D:11)
  4 vampire mosquitoes (D:11)
  A warg (D:12)
  An acid dragon (D:10)
  An orc warrior (D:12)
  An ice beast (D:11)
  5 wights
  An electric eel (D:12)
  2 howler monkeys
  2 orc priests
  6 orc wizards
  A gnoll (D:9)
  5 orcs
  A goblin (D:12)
  A hobgoblin (D:12)
  A kobold (D:9)
56 creatures vanquished.

Vanquished Creatures (others)
  An orc sorcerer (D:12)
  An orc knight (D:12)
  An orc warrior (D:9)
  4 orc priests
  7 orc wizards
  18 orcs
  A giant cockroach (D:3)
  A rat (D:3)
34 creatures vanquished.

Grand Total: 401 creatures vanquished

Notes
Turn   | Place    | Note
-------+----------+-------------------------------------------
     0 | D:1      | croobank the Hill Orc Reaver began the quest for the Orb.
     0 | D:1      | Reached XP level 1. HP: 18/18 MP: 3/3
    62 | D:1      | Reached XP level 2. HP: 3/25 MP: 2/4
   287 | D:1      | Reached XP level 3. HP: 25/30 MP: 5/5
  1108 | D:2      | Noticed Sigmund
  1563 | D:3      | Found a white marble altar of Elyvilon.
  1599 | D:3      | Reached XP level 4. HP: 15/38 MP: 7/7
  1842 | D:3      | Learned a level 2 spell: Momentum Strike
  1851 | D:3      | Became a worshipper of Beogh the Brigand
  1943 | D:3      | Reached XP level 5. HP: 41/45 MP: 8/8
  2085 | D:3      | Reached skill level 5 in Axes
  2085 | D:3      | Reached * piety under Beogh
  2697 | D:3      | Found a snail-covered altar of Cheibriados.
  2846 | D:4      | Reached XP level 6. HP: 20/52 MP: 9/9
  3023 | D:4      | Noticed Robin
  3027 | D:4      | Killed Robin
  3031 | D:4      | Noticed Blork the orc
  3053 | D:5      | Entered Level 5 of the Dungeon
  3053 | D:5      | Noticed an orc warrior
  3055 | D:5      | Found a runed translucent door.
  3096 | D:5      | Found a staircase to the Ecumenical Temple.
  3123 | D:5      | Found a glowing drain.
  3134 | Sewer    | Entered a sewer
  3755 | Sewer    | Reached ** piety under Beogh
  4135 | Sewer    | Reached XP level 7. HP: 44/60 MP: 11/11
  4146 | Sewer    | Identified the staff of conjuration "Gixixzoh" {rPois}
  4152 | Sewer    | Learned a level 3 spell: Hailstorm
  4553 | D:6      | Noticed a two-headed ogre
  4600 | D:5      | Reached skill level 5 in Fighting
  5203 | D:2      | Killed Sigmund
  5204 | D:2      | Reached skill level 1 in Ice Magic
  5204 | D:2      | Reached XP level 8. HP: 31/68 MP: 11/13
  5736 | D:4      | Reached *** piety under Beogh
  6019 | D:4      | Killed Blork the orc
  6218 | D:4      | Found an opulent altar of Gozag.
  6319 | D:4      | Found a shimmering blue altar of Sif Muna.
  6888 | D:5      | Found a roughly hewn altar of Beogh.
  7024 | D:5      | Found a runed translucent gate.
  7024 | D:5      | Found a runed translucent gate.
  7024 | D:5      | Found a runed translucent gate.
  7024 | D:5      | Noticed croobank's ghost (weakling GnDe)
  7026 | D:5      | Found a basalt altar of Yredelemnul.
  7059 | D:5      | Killed croobank's ghost
  7094 | D:5      | Found a sacrificial altar of Ru.
  7503 | D:4      | Reached XP level 9. HP: 68/75 MP: 14/14
  7566 | D:4      | Reached **** piety under Beogh
  7689 | D:6      | Reached skill level 5 in Conjurations
  7693 | D:6      | Reached skill level 1 in Polearms
  7845 | D:6      | Killed a two-headed ogre
  7846 | D:6      | Reached skill level 1 in Translocations
  8468 | D:6      | Found a bloodstained altar of Trog.
  9264 | D:7      | Identified the +5 mace of Wyulu {venom, rElec rPois rN+}
  9477 | D:7      | Reached XP level 10. HP: 42/81 MP: 16/16
  9651 | D:7      | Found the +5 Storm Queen's Shield {shock, Fly rElec}
  9680 | D:7      | Found an iron altar of Okawaru.
  9705 | D:7      | Found a blossoming altar of Fedhas.
  9723 | D:7      | Reached skill level 1 in Shields
  9821 | D:7      | Reached skill level 2 in Shields
 10166 | D:8      | Reached skill level 3 in Shields
 10433 | D:8      | Reached skill level 4 in Shields
 10738 | D:8      | Reached skill level 5 in Shields
 10748 | D:8      | Reached ***** piety under Beogh
 10899 | D:8      | Gained Beowulf as an ally
 11261 | D:9      | Found a stormy altar of Qazlal.
 11306 | D:9      | Reached skill level 6 in Shields
 11723 | D:9      | Reached skill level 7 in Shields
 11828 | D:9      | HP: 3/86 [wraith (3)]
 11834 | D:9      | Your ally Beowulf died
 11839 | D:9      | Reached skill level 8 in Shields
 12222 | D:9      | Noticed Maggie
 12238 | D:9      | Killed Maggie
 12298 | D:9      | Noticed Grum
 12306 | D:9      | Killed Grum
 12307 | D:9      | Reached skill level 9 in Shields
 12592 | D:9      | Noticed Psyche
 12598 | D:9      | Killed Psyche
 12599 | D:9      | Reached XP level 11. HP: 89/92 MP: 17/17
 12860 | D:10     | Entered Level 10 of the Dungeon
 12902 | D:10     | Found a hide-covered altar of Uskayaw.
 12917 | D:10     | Reached skill level 10 in Shields
 13179 | D:10     | Reached skill level 5 in Dodging
 13322 | D:10     | Found Datigir's Antique Weapon Shoppe.
 13325 | D:10     | Bought a polished great sword for 356 gold pieces
 13325 | D:10     | Identified the +6 great sword of Waane {heavy, *Rage rN+
                  | Int+2 Dex+4} (You bought it in a shop on level 10 of the
                  | Dungeon)
 13338 | D:10     | Found a broken altar of Ashenzari.
 13836 | D:11     | Got the Anthology of the Assistive Volcano
 13841 | D:11     | Learned a level 2 spell: Poisonous Vapours
 13849 | D:11     | Noticed a cyclops
 13858 | D:11     | Killed a cyclops
 13860 | D:11     | Found a staircase to the Lair.
 14098 | D:11     | Noticed a boulder beetle
 14106 | D:11     | Killed a boulder beetle
 14286 | D:11     | Gained Arkwar as an ally
 14346 | D:11     | Noticed a boulder beetle
 14364 | D:11     | Killed a boulder beetle
 14365 | D:11     | Reached skill level 1 in Air Magic
 14365 | D:11     | Reached skill level 1 in Poison Magic
 14640 | D:11     | Noticed a manticore
 14645 | D:11     | Killed a manticore
 14707 | D:12     | Noticed a two-headed ogre
 14796 | D:12     | Your ally Arkwar died
 14798 | D:12     | Killed a white ugly thing
 15030 | D:12     | Killed a two-headed ogre
 15293 | D:12     | Noticed a manticore
 15300 | D:12     | Killed a manticore
 15323 | D:12     | Found a staircase to the Orcish Mines.
 16034 | D:13     | Noticed a wizard
 16043 | D:13     | Reached XP level 12. HP: 101/101 MP: 19/19
 16166 | D:13     | Found a gate to the Vaults.
 16172 | D:13     | Reached skill level 5 in Poison Magic
 16331 | D:13     | Noticed a two-headed ogre
 16332 | D:13     | Noticed a centaur warrior
 16337 | D:13     | Gained Korbok as an ally
 16338 | D:13     | Noticed a tengu warrior
 16340 | D:13     | Noticed an ogre mage
 16345 | D:13     | Killed a tengu warrior
 16345 | D:13     | Killed a centaur warrior
 16346 | D:13     | Reached skill level 5 in Air Magic
 16346 | D:13     | Noticed a four-headed hydra
 16352 | D:13     | Killed a four-headed hydra
 16352 | D:13     | Reached ****** piety under Beogh
 16359 | D:13     | Paralysed by something for 2 turns
 16360 | D:13     | Killed a two-headed ogre
 16362 | D:13     | Killed from afar by an ogre mage

Illustrated notes

Levels and vault maps discovered:
D:1:      dpeg_arrival_prison, layout_basic
D:2:      layout_loops_ring, kennysheep_generic_room_7, uniq_sigmund
D:3:      cheibrodos_pilgrimage, layout_basic, lemuel_tele_altar,
          lemuel_round_altar, dreamdust_mushroom_princess
D:4:      layout_rooms, grunt_gozag_breadcrumbs, tgw_sif, uniq_robin,
          uniq_blork_the_orc
D:5:      layout_gridville, nicolae_ru_the_path_less_chosen,
          nicolae_yredelemnul_ghost_church, minmay_temple_entry_junction,
          portal_sewer_entry_a, dk_noncrumbling_4, st_stairs_13,
          lightli_church_of_beogh
D:6:      layout_basic, mainiacjoe_overflow_brackets, moated_statue
D:7:      layout_loops_corners, mainiacjoe_overflow_24_doors,
          kennysheep_okawaru_gauntlet
D:8:      minmay_flawed_box, layout_basic, grunt_ministairs_11
D:9:      layout_roguey, nicolae_qazlal_style_of_elements, uniq_psyche,
          uniq_grum, uniq_maggie
D:10:     layout_roguey, nicolae_uskayaw_murder_on_the_dancefloor,
          overflow_temple_1_default, serial_shops, kennysheep_mini_moat
D:11:     layout_cave_pods, hellmonk_lair_entry_icy
D:12:     layout_basic, erik_orc_3
D:13:     minmay_triangles_in_corner, layout_small_grid, david_vaults_1

Skill      XL: |  1  2  3  4  5  6  7  8  9 10 11 12 |
---------------+-------------------------------------+-----
Dodging        | 2 3 4 5 |  5.3
Fighting       | 3 4 5 6 7 |  7.7
Spellcasting   | 2 3 4 |  4.8
Axes           | 5 6 7 |  7.2
Conjurations   | 4 5 |  5.8
Ice Magic      | 1 3 4 |  4.2
Polearms       | 3 4 |  4.0
Necromancy     | 3 |  3.0
Translocations | 2 |  2.9
Shields        | 9 10 | 10.0
Air Magic      | 4 5 |  5.7
Poison Magic   | 4 6 |  6.3

Action                     |  1- 3 |  4- 6 |  7- 9 | 10-12 || total
---------------------------+-------+-------+-------+-------++-------
  Melee: Hand axe          |   128 |    19 |       |       ||   147
         Punch             |     3 |     1 |     4 |     1 ||     9
         Trident           |       |   206 |   444 |   345 ||   995
  Throw: Dart              |       |       |    20 |    14 ||    34
         Boomerang         |       |       |     3 |       ||     3
   Cast: Kiss of Death     |     1 |       |       |       ||     1
         Momentum Strike   |       |     1 |       |     1 ||     2
 Invoke: Convert to Beogh  |       |     1 |       |       ||     1
         Give Item to Name |       |       |       |     1 ||     1
         Recall Orcish Fol |       |       |       |     3 ||     3
         Smiting           |       |       |       |     1 ||     1
  Evoke: Wand              |       |       |     2 |    11 ||    13
    Use: Potion            |       |     3 |       |     1 ||     4
         Scroll            |       |    12 |     8 |    12 ||    32
   Stab: Distracted        |       |       |       |     3 ||     3
         Sleeping          |       |       |       |     1 ||     1
 Armour: Leather armour    |    45 |   134 |    55 |       ||   234
         Robe              |       |       |   153 |    89 ||   242
  Dodge: Dodged            |    73 |   201 |   368 |   144 ||   786
  Block: Kite shield       |       |       |       |   138 ||   138
